 Dungeon Crawl Stone Soup version 0.27.1-4-g1640c2035a (webtiles) character file.

Game seed: 4750664270460485744

69 Gabide the Charlatan (level 4, -1/32 HPs)
             Began as a Human Artificer on Nov 4, 2021.
             Slain by a sky beast (4 damage)
             ... on level 3 of the Dungeon.
             The game lasted 00:03:41 (3190 turns).

Gabide the Charlatan (Human Artificer)              Turns: 3190, Time: 00:03:42

Health: -1/32      AC:  3    Str: 13    XL:     4   Next: 42%
Magic:  4/4        EV: 12    Int: 11    God:
Gold:   83         SH:  0    Dex: 14    Spells: 3/3 levels left

rFire    + . .     SeeInvis .     - Unarmed
rCold    . . .     Faith    .   (no shield)
rNeg     + . .     Spirit   .   l - +1 robe {rF+}
rPois    .         Reflect  .   (no helmet)
rElec    .         Harm     .   (no cloak)
rCorr    .         Rampage  .   (no gloves)
Will     .....                  (no boots)
Stlth    ++........             (no amulet)
HPRegen  0.10/turn              a - ring of positive energy
MPRegen  0.09/turn              (no ring)

@: mighty
A: no striking features
a: no special abilities


You were on level 3 of the Dungeon.
You visited 1 branch of the dungeon, and saw 3 of its levels.

You collected 83 gold pieces.

Inventory:

Missiles
 g - 2 throwing nets
Armour
 l - a +1 robe of fire resistance (worn)
Jewellery
 a - a ring of positive energy (left hand)
 f - a ring of ice
Wands
 c - a wand of flame (9) (quivered)
 d - a wand of charming (21)
Potions
 b - a potion of mutation
 h - a potion of magic {unknown}
 i - a potion of might
 j - a potion of brilliance {unknown}
Miscellaneous
 e - a piece from Xom's chessboard (15/15)


   Skills:
 + Level 1.0 Fighting
 - Level 2.0 Armour
 * Level 2.0 Dodging
 + Level 1.0 Stealth
 * Level 1.2 Unarmed Combat
 + Level 4.1 Evocations


You had 3 spell levels left.
You didn't know any spells.
Your spell library contained the following spells:

 Spells                   Type           Power      Damage    Failure   Level
 Animate Skeleton         Necr           0%         N/A       34%         1
 Pain                     Necr           0%         1d4       34%         1
 Conjure Flame            Conj/Fire      0%         6-21      71%         3
 Ignite Poison            Fire/Tmut/Pois 0%         N/A       71%         3
 Vampiric Draining        Necr           0%         2d6       71%         3
 Sticky Flame             Conj/Fire      0%         2d3       98%         4


Dungeon Overview and Level Annotations

Branches:
Dungeon (3/15)

Altars:
Wu Jian


Message History

No target in view!
No target in view!
No target in view!
No target in view!
No target in view!
No target in view!
No target in view!
No target in view!
No target in view!
No target in view!
No target in view!
No target in view!
No target in view!
No target in view!
No target in view!
No target in view!
Aiming: Throw Flame
Press: ? - help, Q - select action, (/) - cycle Shift-Dir - straight line A sky beast appears from thin air!
Reactivating autopickup.
Aiming: Throw Flame
Press: ? - help, Q - select action, (/) - cycle Shift-Dir - straight line The puff of flame hits the sky beast.
The sky beast is moderately wounded.
Aiming: Throw Flame
Press: ? - help, Q - select action, (/) - cycle Shift-Dir - straight line The puff of flame hits the sky beast.
The sky beast is heavily wounded.
The sky beast hits you. The sky beast shocks you.
You feel very mighty all of a sudden. The sky beast hits you.
* * * LOW HITPOINT WARNING * * *
The sky beast shocks you.
* * * LOW HITPOINT WARNING * * *
Okay, then.
You aren't carrying any scrolls.
You miss the sky beast.
The sky beast is heavily wounded.
The sky beast hits you.
You die...

..#####..#
#..# #..#
###..######
#..........
#.#..#####.
#........
#.#..####
#@.....#
#....Y...#...
####..####...
.... .. ##..#
#..# #..#
#..#


You could see a sky beast.

Vanquished Creatures
  An adder (D:3)
  A gnoll (D:1)
  2 worms (D:2)
  4 dart slugs
  5 ball pythons
  A bat (D:2)
  2 endoplasms
  A giant cockroach (D:1)
  5 goblins
  3 hobgoblins
  A quokka (D:2)
  5 frilled lizards
  3 kobolds
  5 rats
39 creatures vanquished.

Vanquished Creatures (collateral kills)
  A dart slug (D:1)
1 creature vanquished.

Grand Total: 40 creatures vanquished

Notes
Turn   | Place    | Note
-------+----------+-------------------------------------------
     0 | D:1      | Gabide the Human Artificer began the quest for the Orb.
     0 | D:1      | Reached XP level 1. HP: 15/15 MP: 1/1
    98 | D:1      | Reached XP level 2. HP: 16/21 MP: 2/2
   717 | D:1      | Reached XP level 3. HP: 15/26 MP: 3/3
   890 | D:1      | Reached skill level 4 in Evocations
  1573 | D:2      | Found an ornate altar of the Wu Jian Council.
  1627 | D:2      | Found a faded altar of an unknown god.
  1650 | D:2      | Reached skill level 1 in Unarmed Combat
  1968 | D:2      | Reached XP level 4. HP: 23/32 MP: 4/4
  3183 | D:3      | Noticed a sky beast
  3190 | D:3      | Slain by a sky beast

Illustrated notes

Levels and vault maps discovered:
D:1:      minmay_arrival_doors, layout_rooms
D:2:      layout_basic, basic_altar, hellmonk_ecumenical_altar_arch_garden
D:3:      layout_loops_ring, hangedman_abyss_or_decor_lesser_grid, uniq_terence

Skill      XL: |  1  2  3  4 |
---------------+-------------+-----
Evocations     | 4 |  4.1
Unarmed Combat | 1 |  1.2
Dodging        | 2 |  2.0
Fighting       | |  1.0
Armour         | |  2.0
Stealth        | |  1.0

Action                   |  1- 3 |  4- 6 || total
-------------------------+-------+-------++-------
Melee: Club              |   122 |       ||   122
       Punch             |     1 |     1 ||     2
       Unarmed           |       |    95 ||    95
Evoke: Wand              |     4 |     3 ||     7
  Use: Scroll            |     3 |     2 ||     5
       Potion            |       |     1 ||     1
 Stab: Sleeping          |       |     2 ||     2
Armor: Leather armour    |    27 |       ||    27
       Robe              |     9 |    12 ||    21
Dodge: Dodged            |    87 |    48 ||   135
